 Dungeon Crawl Stone Soup version 0.23.2-40-g277498a001 (webtiles) character file.

Game seed: 16974995742534272858

310 MalarOregon the Skirmisher (level 6, 0/53 HPs)
             Began as a Draconian Abyssal Knight on Sept 15, 2019.
             Was a Believer of Lugonu.
             Slain by a phantom (2 damage)
             ... on level 3 of the Dungeon.
             The game lasted 00:04:19 (2617 turns).

MalarOregon the Skirmisher (DrAK)                   Turns: 2617, Time: 00:04:19

Health: 0/53       AC:  7    Str: 14    XL:     6   Next: 18%
Magic:  8/8        EV: 13    Int: 12    God:    Lugonu [**....]
Gold:   175        SH:  4    Dex: 13    Spells: 5/5 levels left

rFire    . . .     SeeInvis .   a - +2 hand axe
rCold    . . .     Gourm    .   n - +0 buckler {reflect}
rNeg     . . .     Faith    .   (armour unavailable)
rPois    .         Spirit   .   (helmet restricted)
rElec    .         Reflect  +   (no cloak)
rCorr    .         Harm     .   k - +0 pair of gloves
MR       .....                  (no boots)
Stlth    +.........             (no amulet)
HPRegen  0.17/turn              (no ring)
MPRegen  0.11/turn              (no ring)

@: no status effects
A: unfitting armour, cold-blooded, AC +6
a: Depart the Abyss, Bend Space, Renounce Religion


You were on level 3 of the Dungeon.
You worshipped Lugonu.
Lugonu was pleased with you.
You were not hungry.

You visited 1 branch of the dungeon, and saw 4 of its levels.
You visited the Abyss 1 time.

You collected 175 gold pieces.

Inventory:

Hand Weapons
 a - a +2 hand axe (weapon)
Armour
 k - a +0 pair of gloves (worn)
   (You found it on level 1 of the Dungeon)
 n - a +0 buckler of reflection (worn)
   (You found it on level 1 of the Dungeon)
Jewellery
 o - an uncursed amulet of harm {unknown}
   (You found it on level 4 of the Dungeon)
Scrolls
 b - a scroll of amnesia {unknown}
 c - 2 scrolls of fog {unknown}
 f - 3 scrolls of teleportation {@r4}
 h - a scroll of enchant weapon
 l - a scroll of remove curse {@r2}
 m - 2 scrolls of identify {unknown}
 q - 2 scrolls of enchant armour {unknown}
Potions
 d - 2 potions of curing {unknown}
 g - a potion of ambrosia {unknown}
 i - a potion of heal wounds {unknown}
 p - 2 potions of lignification {unknown}
 r - 2 potions of brilliance {unknown}
Comestibles
 e - 6 rations {!d}
 j - 8 chunks of flesh


   Skills:
 + Level 4.5 Fighting
 + Level 3.3 Axes
 + Level 3.3 Dodging
 + Level 2.5 Shields
 + Level 3.5 Invocations


You had 5 spell levels left.
You didn't know any spells.
Your spell library was empty.

Dungeon Overview and Level Annotations

Branches:
Dungeon (4/15)
 Temple: D:4-7

Altars:
Elyvilon
Trog

Annotations:
D:4 Edmund


Innate Abilities, Weirdness & Mutations

Your plain brown scales are hard. (AC +6)
You cannot fit into any form of body armour.
You are cold-blooded and may be slowed by cold attacks.


Message History

You barely miss the phantom. The phantom hits you.
The phantom blinks!
You hit the phantom. You tail-slap the phantom.
The phantom hits you but does no damage.
You closely miss the phantom.
Your tail-slap misses the phantom.
The phantom blinks!
The phantom hits you.
You hit the phantom. The phantom barely misses you.
You hit the phantom.
The phantom blinks!
You hit the phantom.
You tail-slap the phantom, but do no damage.
The phantom hits you.
You hit the phantom.
Your tail-slap misses the phantom.
The phantom barely misses you. The phantom closely misses you.
You hit the phantom.
Your tail-slap misses the phantom.
The phantom misses you.
You barely miss the phantom. The phantom barely misses you.
You hit the phantom but do no damage. You block the phantom's attack.
You miss the phantom. You block the phantom's attack.
You hit the phantom but do no damage. The phantom barely misses you.
You closely miss the phantom. The phantom hits you.
* * * LOW HITPOINT WARNING * * *
The phantom hits you but does no damage.
You hit the phantom but do no damage. The phantom closely misses you.
You hit the phantom. The phantom hits you.
* * * LOW HITPOINT WARNING * * *
The phantom blinks!
You hit the phantom but do no damage.
You tail-slap the phantom, but do no damage.
The phantom hits you but does no damage.
You hit the phantom. The phantom hits you!
* * * LOW HITPOINT WARNING * * *
You hit the phantom.
The phantom blinks!
The phantom hits you!
* * * LOW HITPOINT WARNING * * *
You barely miss the phantom.
Your tail-slap misses the phantom.
The phantom hits you but does no damage.
The phantom closely misses you.
You hit the phantom. You block the phantom's attack.
You hit the phantom.
The phantom hits you but does no damage.
You slash the phantom! The phantom barely misses you.
You hit the phantom.
The phantom blinks!
The phantom blinks!
You hit the phantom but do no damage. The phantom barely misses you.
You completely miss the phantom.
Your tail-slap misses the phantom.
You block the phantom's attack. The phantom hits you.
* * * LOW HITPOINT WARNING * * *
The phantom blinks!
You hit the phantom.
The phantom blinks!
You closely miss the phantom. The phantom hits you.
You die...

........#.# #.....#####.####
......<.).# #.....# #.#
#########.# ####### #.# #.# #.#
#.# #.# #.# ##########.####
#########.### #.............#
........(#..#######.########.##.#
##..###...###>.W@...# #.##.#
....#≈≈...≈≈########### #.....
....#≈..♣..≈#.........######..#>#
.#...r........#######............
.#....♣._.♣...# #########.#..
.#.#.........## #.###
.#.##≈..♣..≈## #.# ...##≈≈...≈≈#
#.# ..#####...### #.###


You could see a phantom.

Vanquished Creatures
  A howler monkey (D:4)
  A hound (D:4)
  An orc wizard (D:3)
  An orc priest (D:2)
  2 worker ants (D:4)
  5 adders
  An ooze (D:2)
  A worm (D:3)
  A dart slug (D:1)
  2 leopard geckos
  7 orcs (D:3)
  5 giant cockroaches
  11 goblins
  11 kobolds
  A quokka (D:2)
  15 bats
  A frilled lizard (D:2)
  8 rats
75 creatures vanquished.

Vanquished Creatures (others)
  A wizard (D:3)
1 creature vanquished.

Grand Total: 76 creatures vanquished

Notes
Turn   | Place    | Note
-------+----------+-------------------------------------------
     0 | Abyss:1  | MalarOregon the Draconian Abyssal Knight began the quest
                  | for the Orb.
     0 | Abyss:1  | Reached XP level 1. HP: 19/19 MP: 2/2
   246 | Abyss:1  | Found a corrupted altar of Lugonu.
   336 | Abyss:1  | Noticed a large abomination
   337 | D:1      | Escaped the Abyss
   471 | D:1      | Reached XP level 2. HP: 14/26 MP: 3/3
   620 | D:1      | Reached * piety under Lugonu
   790 | D:1      | Reached XP level 3. HP: 11/31 MP: 4/4
   987 | D:2      | Reached skill level 1 in Shields
  1189 | D:2      | Reached XP level 4. HP: 34/40 MP: 6/6
  1267 | D:2      | Reached ** piety under Lugonu
  1555 | D:3      | Found a bloodstained altar of Trog.
  1556 | D:3      | Noticed a wizard
  1561 | D:3      | Killed a wizard
  1660 | D:2      | Reached skill level 4 in Fighting
  2085 | D:3      | Found a white marble altar of Elyvilon.
  2141 | D:3      | Reached XP level 5. HP: 44/46 MP: 7/7
  2536 | D:4      | Reached XP level 6. HP: 36/53 MP: 8/8
  2560 | D:4      | Noticed Edmund
  2613 | D:3      | HP: 1/53 [phantom (4)]
  2617 | D:3      | Slain by a phantom

Skill      XL: |  1  2  3  4  5 |
---------------+----------------+-----
Shields        | 1 2 |  2.5
Fighting       | 4 |  4.5
Invocations    | 3 |  3.5
Axes           | 3 |  3.3
Dodging        | 3 |  3.3

Action                   |  1- 3 |  4- 6 || total
-------------------------+-------+-------++-------
Melee: Hand axe          |   116 |   151 ||   267
       Tailslap          |     7 |    14 ||    21
Invok: Depart the Abyss  |     1 |       ||     1
  Use: Scroll            |       |     3 ||     3
       Potion            |       |     1 ||     1
 Stab: Sleeping          |       |     1 ||     1
  Eat: Chunk             |     1 |     5 ||     6
Armor: Skin              |    49 |    51 ||   100
Dodge: Dodged            |    82 |    82 ||   164
Block: Shield            |    16 |       ||    16
       Buckler           |    17 |    24 ||    41
